 Dungeon Crawl Stone Soup version 0.29.1-12-g30fa7ad0bf (webtiles) character file.

Game seed: 13319450791672533620

6561 suipiss the Merchant of Misery (level 10, -2/63 HPs)
             Began as a Demonspawn Earth Elementalist on Jan 17, 2023.
             Was a Believer of Kikubaaqudgha.
             Slain by a komodo dragon (29 damage)
             ... on level 10 of the Dungeon.
             The game lasted 00:37:13 (12041 turns).

suipiss the Merchant of Misery (DsEE)              Turns: 12041, Time: 00:37:14

Health: -2/63      AC:  5    Str:  9    XL:     10   Next: 70%
Magic:  21/21      EV: 31    Int: 20    God:    Kikubaaqudgha [**....]
Gold:   353        SH:  0    Dex: 14    Spells: 2/24 levels left

rFire   . . .      SeeInvis .   m - staff of earth
rCold   + . .      Faith    .   (no shield)
rNeg    . . .      Spirit   .   a - +0 robe
rPois   +          Reflect  .   s - +0 helmet
rElec   .          Harm     .   (no cloak)
rCorr   .          Rampage  .   (no gloves)
Will    .....                   e - +1 pair of boots
Stlth   ++........              A - amulet of the acrobat
HPRegen 0.20/turn               t - ring of protection from cold
MPRegen 0.34/turn               y - ring of poison resistance

@: acrobatic, repel missiles
A: claws 2, repulsion field 3, magic regeneration, demonic magic 1
a: Renounce Religion, Unearth Wretches


You were on level 10 of the Dungeon.
You worshipped Kikubaaqudgha.
Kikubaaqudgha was pleased with you.
You visited 2 branches of the dungeon, and saw 11 of its levels.

You collected 353 gold pieces.

Inventory:

Hand Weapons
 F - a +5 falchion
Missiles
 n - 4 throwing nets
Armour
 a - a +0 robe (worn)
 e - a +1 pair of boots (worn)
 r - a +2 ring mail of fire resistance
 s - a +0 helmet (worn)
Magical Staves
 m - a staff of earth (weapon)
Jewellery
 b - a ring of positive energy
 t - a ring of protection from cold (left claw)
 w - a ring of fire
 y - a ring of poison resistance (right claw)
 A - an amulet of the acrobat (around neck)
Wands
 h - a wand of polymorph (8)
 i - a wand of quicksilver (12)
 j - a wand of flame (10)
 v - a wand of roots (19)
Scrolls
 f - 3 scrolls of amnesia
 g - 2 scrolls of fog
 k - a scroll of silence
 x - a scroll of vulnerability
 z - a scroll of teleportation
 B - 2 scrolls of poison
 C - a scroll of torment
 E - 2 scrolls of immolation {unknown}
Potions
 c - a potion of resistance
 d - a potion of curing
 o - 3 potions of haste
 q - 4 potions of mutation
 u - a potion of magic
 D - a potion of cancellation {unknown}
Miscellaneous
 p - a lightning rod (4/4)


   Skills:
 - Level 1.7 Dodging
 - Level 1.7 Stealth
 * Level 7.6 Spellcasting
 * Level 3.1 Hexes
 * Level 8.7 Necromancy
 * Level 7.4 Transmutations
 * Level 7.9 Earth Magic


You had 2 spell levels left.
You knew the following spells:

 Your Spells              Type           Power      Damage    Failure   Level
a - Sandblast             Erth           100%       2d20      1%          1
b - Stone Arrow           Conj/Erth      70%        3d11      5%          3
c - Passwall              Tmut/Erth      45%        N/A       1%          2
d - Blink                 Tloc           14%        N/A       14%         2
e - Call Imp              Summ           7%         N/A       14%         2
f - Petrify               Tmut/Erth      55%        N/A       3%          4
g - Animate Dead          Necr           42%        N/A       2%          4
h - Anguish               Hex/Necr       15%        N/A       8%          4

Your spell library contained the following spells:

 Spells                   Type           Power      Damage    Failure   Level
 Necrotise                Necr           100%       1d9       1%          1
 Sublimation of Blood     Necr           42%        N/A       1%          2
 Ensorcelled Hibernation  Hex/Ice        26%        N/A       7%          2
 Magic Dart               Conj           28%        1d4       9%          1
 Blade Hands              Tmut           18%        N/A       12%         5
 Animate Armour           Summ/Erth      70%        N/A       17%         4
 Lesser Beckoning         Tloc           7%         N/A       26%         3
 Mephitic Cloud           Conj/Pois/Air  7%         N/A       26%         3
 Swiftness                Air            7%         N/A       26%         3
 Manifold Assault         Tloc           7%         N/A       94%         5
 Iron Shot                Conj/Erth      17%        9d4       95%         6


Dungeon Overview and Level Annotations

Branches:
Dungeon (10/15)            Temple (1/1) D:5            Lair (0/5) D:8
    Orc: D:9-12

Altars:
Ashenzari
Cheibriados
Dithmenos
Fedhas
Gozag
Hepliaklqana
Kikubaaqudgha
Makhleb
Nemelex Xobeh
Okawaru
Qazlal
Ru
Sif Muna
Trog
Uskayaw
Vehumet
Wu Jian
Xom
Yredelemnul

Shops:
D:8 (

Annotations:
D:6 2 transporters, Lutefisk's ghost, novice TeAE
D:8 2 transporters, hawla's ghost, journeyman MeFE


Innate Abilities, Weirdness & Mutations

You have very sharp fingernails.
You are surrounded by a strong repulsion field. (EV +4, RMsl)
You regenerate magic rapidly.
Spells you cast may paralyse adjacent enemies.


Message History

Found a whip.
No target in view!
Found a leather armour.
A sourceless malevolence fills the Dungeon...
With a horrendous wail, an alarm goes off!
A sentinel's mark forms upon you.
You hear a shout!
You hear a bellow! x5; You hear a roar!
A yak comes into view. x2
You swap places.
You swap places.
You swap places.
Your orc warrior zombie completely misses the yak.
A troll comes into view.
The yak closely misses your orc warrior zombie.
A wraith comes into view.
The troll misses you. x3
Something gores your orc warrior zombie.
As you read the scroll of teleportation, it crumbles to dust.
You feel strangely unstable. The troll bites you. The troll barely misses you.
The troll claws you.
Your orc zombie hits the yak but does no damage.
Your orc warrior zombie hits the yak but does no damage.
A yak comes into view.
Your orc zombie barely misses the yak.
Your orc warrior zombie hits the yak!
A yak comes into view.
Your surroundings suddenly seem different.
A komodo dragon comes into view.
Found a staff of earth.
The yak moves out of view.
Found an escape hatch in the ceiling.
There is an open door here.
The wight throws a stone.
The stone completely misses you.
The wight throws a stone.
The stone completely misses you.
The wight throws a stone.
The stone completely misses you.
Found a robe.
The sentinel's mark upon you fades away.
The komodo dragon bites you!!
The komodo dragon attacks as you move away!
The komodo dragon bites you!!
You die...
Kikubaaqudgha rasps: "You have failed me!
Welcome... death!"

#......'...#
#......#...#
#.....z#...#
#......#..|#
#.....##...#
#.##..#.....
#.
#.z#......
#.##z.#
......
#.@l..####
#........#
#.#####..#
#. ..# #[ .#
#. .# #. .
#. ..


You could see a komodo dragon and 2 wights.

Vanquished Creatures
  A two-headed ogre (D:9)
  Joseph (D:7)
  Psyche (D:8)
  A troll (D:9)
  3 yaks (D:9)
  3 wyverns
  A steam dragon (D:7)
  4 vampire mosquitoes (D:10)
  Edmund (D:4)
  3 water moccasins
  An ice beast (D:6)
  A black bear (D:7)
  3 orc warriors
  An ogre (D:7)
  4 kobold brigands
  A bullfrog (D:9)
  A necrophage (D:5)
  3 scorpions
  8 wights
  9 killer bees
  3 crimson imps (D:8)
  3 jellies
  6 hounds
  5 orc priests
  A gnoll bouda (D:6)
  An iguana (D:6)
  9 orc wizards
  8 gnolls
  6 adders
  4 white imps
  A dart slug (D:3)
  37 orcs
  3 ball pythons
  4 endoplasms
  5 giant cockroaches
  9 goblins
  6 hobgoblins
  5 jackals
  21 kobolds
  3 quokkas
  5 bats
  2 frilled lizards
  9 rats
207 creatures vanquished.

Vanquished Creatures (collateral kills)
  A killer bee (D:8)
  3 crimson imps (D:8)
  An orc priest (D:9)
  2 orcs
  A kobold (D:8)
8 creatures vanquished.

Vanquished Creatures (others)
  An acid dragon (D:8)
  A killer bee zombie (D:8)
  An orc (D:8)
  9 orc zombies
  2 fungi (D:8)
  3 plants (D:8)
17 creatures vanquished.

Grand Total: 232 creatures vanquished

Notes
Turn   | Place    | Note
-------+----------+-------------------------------------------
     0 | D:1      | suipiss the Demonspawn Earth Elementalist began the quest
                  | for the Orb.
     0 | D:1      | Reached XP level 1. HP: 13/13 MP: 3/3
    68 | D:1      | Reached skill level 1 in Transmutations
   287 | D:1      | Gained mutation: You are surrounded by a mild repulsion
                  | field. (EV +2) [demonic ancestry]
   287 | D:1      | Reached XP level 2. HP: 5/19 MP: 3/5
   663 | D:1      | Reached skill level 1 in Necromancy
  1322 | D:1      | Gained mutation: Spells you cast may paralyse adjacent
                  | enemies. [demonic ancestry]
  1322 | D:1      | Reached XP level 3. HP: 24/24 MP: 4/6
  1551 | D:1      | Learned a level 3 spell: Stone Arrow
  1554 | D:1      | Learned a level 2 spell: Passwall
  1988 | D:2      | Gained mutation: You are surrounded by a moderate repulsion
                  | field. (EV +3) [demonic ancestry]
  1988 | D:2      | Reached XP level 4. HP: 24/30 MP: 3/7
  2339 | D:2      | Found a faded altar of an unknown god.
  2613 | D:3      | Reached skill level 2 in Necromancy
  3036 | D:3      | Reached XP level 5. HP: 24/35 MP: 9/9
  3336 | D:3      | Learned a level 2 spell: Blink
  3992 | D:4      | Learned a level 2 spell: Call Imp
  4568 | D:4      | Noticed Edmund
  4581 | D:4      | Killed Edmund
  4582 | D:4      | Reached skill level 3 in Necromancy
  4582 | D:4      | Gained mutation: You regenerate magic rapidly. [demonic
                  | ancestry]
  4582 | D:4      | Reached XP level 6. HP: 37/41 MP: 1/11
  4761 | D:4      | Identified the +3 scale mail "Lumyilud" {Int+3 Dex+4}
  4932 | D:4      | Found a stormy altar of Qazlal.
  4932 | D:4      | Found a broken altar of Ashenzari.
  4972 | D:4      | Found a burning altar of Makhleb.
  4975 | D:4      | Found an ancient bone altar of Kikubaaqudgha.
  5046 | D:5      | Entered Level 5 of the Dungeon
  5416 | D:5      | Gained mutation: You have sharp fingernails. [demonic
                  | ancestry]
  5416 | D:5      | Reached XP level 7. HP: 46/46 MP: 1/12
  5426 | D:5      | Reached skill level 4 in Necromancy
  5486 | D:5      | Found a staircase to the Ecumenical Temple.
  5496 | Temple   | Entered the Ecumenical Temple
  6146 | D:4      | Became a worshipper of Kikubaaqudgha
  6157 | D:4      | Learned a level 4 spell: Petrify
  6655 | D:6      | Found a transporter.
  6656 | D:6      | Noticed Lutefisk's ghost (novice TeAE)
  6753 | D:6      | Identified the +6 giant spiked club of the Smoking Augurer
                  | {chaos, Will+ Str+6}
  6753 | D:6      | Noticed a two-headed ogre
  6766 | D:6      | Found a transporter.
  6926 | D:6      | Reached skill level 5 in Earth Magic
  6926 | D:6      | Gained mutation: You are surrounded by a strong repulsion
                  | field. (EV +4, RMsl) [demonic ancestry]
  6926 | D:6      | Reached XP level 8. HP: 52/52 MP: 7/14
  7005 | D:6      | Reached skill level 5 in Necromancy
  7693 | D:7      | Reached skill level 5 in Spellcasting
  7820 | D:7      | Noticed Joseph
  8161 | D:7      | Reached skill level 6 in Necromancy
  8161 | D:7      | Reached skill level 5 in Transmutations
  8310 | D:7      | Killed Joseph
  8311 | D:7      | Reached XP level 9. HP: 45/57 MP: 2/17
  8689 | D:7      | Found a basalt altar of Yredelemnul.
  8792 | D:8      | Noticed Psyche
  8859 | D:7      | Reached * piety under Kikubaaqudgha
  8859 | D:7      | Received a gift from Kikubaaqudgha
  8988 | D:7      | Learned a level 4 spell: Animate Dead
  9070 | D:8      | Reached skill level 7 in Necromancy
  9076 | D:8      | Found a staircase to the Lair.
  9120 | D:8      | Found Qoam's Antique Weapon Emporium.
  9239 | D:8      | Noticed hawla's ghost (journeyman MeFE)
  9240 | D:8      | Noticed a boulder beetle
  9241 | D:8      | Found a transporter.
  9252 | D:8      | Found a transporter.
  9441 | D:8      | Killed Psyche
  9634 | D:8      | Gained mutation: You have very sharp fingernails. [demonic
                  | ancestry]
  9634 | D:8      | Reached XP level 10. HP: 45/63 MP: 3/20
  9887 | D:9      | Learned a level 4 spell: Anguish
 10092 | D:9      | Reached ** piety under Kikubaaqudgha
 10188 | D:9      | Reached skill level 1 in Hexes
 10188 | D:9      | Reached skill level 8 in Necromancy
 10793 | D:9      | Noticed a two-headed ogre
 10801 | D:9      | Killed a two-headed ogre
 11371 | D:10     | Entered Level 10 of the Dungeon
 12041 | D:10     | Slain by a komodo dragon

Illustrated notes

Levels and vault maps discovered:
D:1:      spicycebolla_green_bress_n_ham, layout_basic
D:2:      layout_basic, hellmonk_ecumenical_altar_crossroads,
          chequers_serial_rivers_micro_e
D:3:      layout_loops_ring, minmay_between
D:4:      layout_gridville, nicolae_overflow_hidden_temple,
          minmay_misc_feat_encased, minmay_misc_feat_nine_boxes, uniq_edmund
D:5:      layout_loops_ring, minmay_temple_entry_junction_2
D:6:      layout_rooms, gammafunk_ghost_smash, chequers_serial_rivers_small_3
D:7:      layout_rooms, mainiacjoe_overflow_tiny_flanked, uniq_joseph
D:8:      layout_rooms, dpeg_oklobed_lair, gammafunk_ghost_arena, serial_shops,
          nicolae_shop_statue_plus, dreamdust_princess_corridor,
          minmay_nine_imps, uniq_psyche
D:9:      layout_basic
D:10:     layout_stronghold, uniq_nergalle, uniq_gastronok
Temple:   nicolae_temple_bog_church

Skill      XL: |  1  2  3  4  5  6  7  8  9 10 |
---------------+-------------------------------+-----
Transmutations | 1 2 3 4 5 6 7 |  7.4
Necromancy     | 1 2 3 4 6 7 8 |  8.7
Earth Magic    | 3 4 5 6 7 |  7.9
Spellcasting   | 3 4 5 6 7 |  7.6
Hexes          | 3 |  3.1
Dodging        | |  1.7
Stealth        | |  1.7

Action                   |  1- 3 |  4- 6 |  7- 9 | 10-12 || total
-------------------------+-------+-------+-------+-------++-------
Melee: Club              |    11 |     3 |       |       ||    14
       Long sword        |       |    81 |     6 |       ||    87
       Staff             |       |       |    20 |     8 ||    28
 Cast: Sandblast         |    50 |    67 |    47 |    32 ||   196
       Stone Arrow       |       |     4 |    98 |    50 ||   152
       Petrify           |       |       |     8 |     5 ||    13
       Animate Dead      |       |       |     4 |     5 ||     9
       Anguish           |       |       |       |     2 ||     2
Invok: Unearth Wretches  |       |       |     1 |       ||     1
Evoke: Wand              |       |       |    10 |     5 ||    15
  Use: Potion            |     1 |     3 |     7 |     7 ||    18
       Scroll            |     1 |     5 |    13 |     3 ||    22
 Stab: Paralysed         |       |     8 |     1 |       ||     9
Armor: Robe              |    15 |    25 |    17 |     5 ||    62
       Skin              |       |       |     9 |       ||     9
Dodge: Dodged            |    47 |    92 |    82 |    54 ||   275
       Repelled          |       |       |     3 |     1 ||     4
